 Dungeon Crawl Stone Soup version 0.26.1-11-gd32895ea62 (webtiles) character file.

Game seed: 7572493885323405995

22283 ABBCCCDDDD the Martial Artist (level 12, -1/85 HPs)
             Began as an Octopode Gladiator on July 8, 2021.
             Was a Plaything of Xom.
             Slain by a yak simulacrum (12 damage)
             ... summoned by Xom
             ... in an ice cave.
             The game lasted 00:54:05 (20802 turns).

ABBCCCDDDD the Martial Artist (Octopode Gladiator) Turns: 20802, Time: 00:54:06

Health: -1/85      AC:  3    Str:  6 (9)  XL:     12   Next: 98%
Magic:  21/21      EV: 19    Int:  7 (11) God:    Xom [......]
Gold:   2520       SH:  9    Dex: 17 (22) Spells: 4/11 levels left

rFire    . . .     SeeInvis .     - Unarmed
rCold    . . .     Faith    .   (no shield)
rNeg     . . .     Spirit   .   d - +0 hat
rPois    .         Reflect  +   e - amulet of reflection
rElec    .         Harm     .   t - +6 ring of dexterity
rCorr    +         Rampage  .   C - ring of resist corrosion
Will     .....                  H - ring of magical power
Stlth    ++++......             (no ring)
HPRegen  0.24/turn              (no ring)
MPRegen  0.17/turn              (no ring)
                                (no ring)
                                (no ring)

@: berserk cooldown, slowed, very slow
A: almost no armour, stealthy swim, amphibious, 8 rings, constrict 8, iridescent
scales 1, large bone plates 1, camouflage 1, agile 1, deterioration 1, dopey 2,
weak 2, gelatinous body 1
a: Renounce Religion


You were in an ice cave.
You worshipped Xom.
You were a very special plaything of Xom.
You visited 4 branches of the dungeon, and saw 17 of its levels.
You also visited: Ossuary and Ice Cave.

You collected 2520 gold pieces.

Inventory:

Hand Weapons
 y - the cursed +1 dagger "Roud" {vorpal, rC++}
   (You found it on level 6 of the Dungeon)

   It inflicts extra damage upon your enemies.
   It greatly protects you from cold.
   It has a curse placed upon it.
Missiles
 b - a throwing net
 h - 64 poisoned darts (quivered)
 r - an atropa-tipped dart
Armour
 d - a +0 hat (worn)
Jewellery
 e - an amulet of reflection (around mantle)
 t - a +6 ring of dexterity (left tentacle)
 C - a ring of resist corrosion (right tentacle)
 H - a ring of magical power (on tentacle)
Wands
 i - a wand of acid (1)
 E - a wand of iceblast (13)
Scrolls
 f - 3 scrolls of magic mapping
 g - 6 scrolls of enchant weapon
 j - 7 scrolls of enchant armour
 l - 9 scrolls of remove curse
 n - 2 scrolls of fog
 u - 2 scrolls of amnesia
 v - 4 scrolls of teleportation
 B - 2 scrolls of immolation
 F - 2 scrolls of noise {unknown}
 I - a scroll of brand weapon {unknown}
Potions
 k - 4 potions of flight
 m - 2 potions of attraction
 w - 3 potions of magic
 x - a potion of mutation
 z - 3 potions of brilliance
 A - 2 potions of might
Miscellaneous
 s - a phial of floods (inert)


   Skills:
 + Level 9.3 Fighting
 - Level 5.0 Throwing
 - Level 8.0 Dodging
 - Level 5.0 Stealth
 * Level 11.5 Unarmed Combat
 + Level 10.2 Transmutations
 - Level 6.0 Earth Magic
 - Level 5.0 Evocations


You had 4 spell levels left.
You knew the following spells:

 Your Spells              Type           Power        Failure   Level
a - Petrify               Tmut/Erth      11%          16%         4
b - Tukima's Dance        Hex            0%           80%         3

Your spell library contained the following spells:

 Spells                   Type           Power        Failure   Level
 Apportation              Tloc           0%           43%         1
 Confusing Touch          Hex            0%           80%         3
 Gell's Gravitas          Tloc           0%           80%         3
 Lesser Beckoning         Tloc           0%           80%         3
 Alistair's Intoxication  Tmut/Pois      4%           85%         5
 Yara's Violent Unravell  Hex/Tmut       3%           85%         5
 Metabolic Englaciation   Hex/Ice        0%           100%        5
 Invisibility             Hex            0%           100%        6


Dungeon Overview and Level Annotations

Branches:
Dungeon (12/15)            Temple (1/1) D:4            Lair (3/6) D:11
    Orc (1/2) D:11        Ossuary (visited)           IceCv (1/1)
  Swamp: Lair:2-4    Shoals: Lair:2-4     Snake: Lair:2-4    Spider: Lair:2-4

Altars:
Ashenzari
Dithmenos
Hepliaklqana
Makhleb
Okawaru
Uskayaw
Wu Jian
Xom

Annotations:
D:2 exclusion: downstairs
D:5 1 runed translucent door
D:7 3 runed translucent doors, Harold; sixsigma's ghost, novice GnCj
D:10 exclusion: centaur, Erolcha
D:11 exclusion: downstairs
Lair:1 exclusion: boulder beetle, Maggie IceCv 1 transporter, exclusion: 2 ice statues


Innate Abilities, Weirdness & Mutations

You cannot wear most types of armour.
You are very stealthy in the water. (Stealth+)
You are amphibious.
You can wear up to eight rings at the same time.
You can use your tentacles to constrict eight enemies at once.
Your skin changes colour to match your surroundings (Stealth+).
Your rubbery body absorbs attacks. (AC +1, EV +1)
You are partially covered in iridescent scales. (AC +2)
You are partially covered in large bone plates. (SH +4)
You are agile. (Dex +2)
Your body sometimes deteriorates upon taking damage.
You are very dopey. (Int -4)
You are very weak. (Str -4)


Message History

You constrict the white imp, but do no damage.
The white imp gestures at you. The puff of frost hits you!
* * * LOW HITPOINT WARNING * * *
Your body deteriorates!
You feel dopey.
Press: ? - help, v - describe, . - travel
Here: a yak simulacrum (summoned)
A transporter landing site, spattered with blood.
Unknown command.
Aiming: Paralyse
Press: ? - help, Shift-Dir - straight line, f - yak simulacrum
Aim: a yak simulacrum (summoned, chance to affect: 70%)
The yak simulacrum struggles to resist.
The now-empty wand crumbles to dust.
You constrict the white imp, but do no damage.
The white imp barely misses you. The yak simulacrum gores you!
* * * LOW HITPOINT WARNING * * *
Your body deteriorates!
You feel clumsy. The yak simulacrum freezes you!
You die... "Huh?
Did I miss anything?"

##.........##
#.....∩.....#
#...........#
##...........##
#.............#
#....8...8....#
#.....†/......#
##....$Z?....##
#...$.5@(...#
##...8©8...##
###########


You could see a white imp (summoned) and a yak simulacrum (summoned).

Vanquished Creatures
  2 boulder beetles (D:11)
  2 hydras
  Erica (D:9)
  4 two-headed ogres
  2 death yaks (D:11)
  3 ugly things
  6 cane toads
  A komodo dragon (Lair:1)
  A troll (D:11)
  A queen bee (shapeshifter) (D:11)
  A wind drake (D:11)
  2 blink frogs (Lair:3)
  Prince Ribbit (Lair:3)
  Sigmund (D:3)
  2 wyverns
  Grum (D:9)
  19 yaks
  Eustachio (D:6)
  A steam dragon (D:9)
  An acid dragon (D:11)
  A water moccasin (D:9)
  5 orc warriors
  6 ice beasts (IceCv)
  3 black bears
  A necrophage (D:11)
  A phantom (D:6)
  4 ogres
  A sky beast (D:10)
  9 wolves
  3 centaurs
  The ghost of YannSP the Changer, an amateur MfTm (D:5)
  6 elf zombies (Ossuary)
  2 big kobolds
  6 bullfrogs
  A water moccasin skeleton (D:8)
  4 scorpions
  8 killer bees
  14 wights
  An electric eel (D:11)
  A howler monkey (D:11)
  2 bullfrog zombies
  3 human zombies (Ossuary)
  3 jellies
  3 quasits
  2 centaur zombies (Ossuary)
  4 hounds
  2 centaur skeletons
  A gnoll shaman (D:7)
  13 orc priests
  A bullfrog skeleton (D:9)
  13 orc wizards
  4 worker ants
  Terence (D:3)
  4 mummies
  2 hound skeletons
  12 adders
  8 gnolls
  2 shadow imps
  4 white imps
  3 ufetubi
  An ooze (D:3)
  An adder skeleton (D:4)
  An adder zombie (D:8)
  A worm (D:5)
  A dart slug (D:2)
  7 leopard geckos
  62 orcs
  6 giant cockroaches
  2 goblins (D:3)
  6 hobgoblins
  23 jackals
  6 quokkas
  A ball python (D:5)
  5 bats
  5 frilled lizards
  12 kobolds
  A leopard gecko zombie (D:6)
  2 orc zombies (D:6)
  A quokka zombie (D:8)
  5 rats
367 creatures vanquished.

Vanquished Creatures (collateral kills)
  4 yaks (D:10)
  A centaur zombie (Ossuary)
5 creatures vanquished.

Vanquished Creatures (others)
  An ugly thing (D:11)
  A kobold (D:2)
  7 fungi
  16 plants
25 creatures vanquished.

Grand Total: 397 creatures vanquished

Notes
Turn   | Place    | Note
-------+----------+-------------------------------------------
     0 | D:1      | ABBCCCDDDD the Octopode Gladiator began the quest for the
                  | Orb.
     0 | D:1      | Reached XP level 1. HP: 14/14 MP: 1/1
   477 | D:1      | Reached XP level 2. HP: 19/19 MP: 2/2
  1365 | D:2      | Reached XP level 3. HP: 25/25 MP: 3/3
  1973 | D:3      | Noticed Sigmund
  2094 | D:3      | Reached skill level 4 in Unarmed Combat
  2132 | D:3      | Reached XP level 4. HP: 27/30 MP: 4/4
  2179 | D:3      | Noticed Terence
  2187 | D:3      | Noticed an ogre
  2197 | D:3      | Killed an ogre
  2198 | D:3      | Reached XP level 5. HP: 36/36 MP: 5/5
  2515 | D:3      | Killed Terence
  2516 | D:3      | Reached skill level 5 in Unarmed Combat
  2639 | D:3      | Reached XP level 6. HP: 41/42 MP: 6/6
  2900 | D:3      | Killed Sigmund
  2901 | D:3      | Reached skill level 1 in Evocations
  3096 | D:4      | Reached XP level 7. HP: 45/47 MP: 7/7
  3475 | D:4      | Found a staircase to the Ecumenical Temple.
  3493 | D:4      | Reached skill level 6 in Unarmed Combat
  3507 | Temple   | Entered the Ecumenical Temple
  3512 | Temple   | Became a worshipper of Xom the Elder Chaos God
  3563 | D:4      | Found a shimmering altar of Xom.
  3647 | D:4      | Gained mutation: You are strong-willed. (Will+) [potion of
                  | mutation]
  3647 | D:4      | Gained mutation: You are robust. (+10% HP) [potion of
                  | mutation]
  4104 | D:4      | Learned a level 4 spell: Petrify
  4126 | D:5      | Entered Level 5 of the Dungeon
  4203 | D:5      | Reached XP level 8. HP: 55/59 MP: 8/8
  4286 | D:5      | Reached skill level 1 in Transmutations
  4458 | D:5      | XOM: silly message
  4584 | D:5      | Found a runed translucent door.
  4590 | D:5      | Noticed YannSP's ghost (amateur MfTm)
  4760 | D:5      | Found a runed translucent door.
  5041 | D:5      | XOM: god gift: phial of floods
  5323 | D:6      | Found a sand-covered staircase.
  5412 | Ossuary  | Entered an ossuary
  5421 | Ossuary  | XOM: god gift: encrusted cabochon ring {god gift}
  5422 | Ossuary  | Reached skill level 7 in Unarmed Combat
  5424 | Ossuary  | XOM: summons friendly crimson imp
  5594 | Ossuary  | Reached skill level 5 in Fighting
  5594 | Ossuary  | Reached skill level 5 in Throwing
  5624 | Ossuary  | XOM: polymorph crimson imp -> ynoxinul
  5726 | Ossuary  | XOM: enchant monster (bad)
  5732 | Ossuary  | XOM: silly message
  5933 | Ossuary  | Reached XP level 9. HP: 57/67 MP: 9/9
  6036 | Ossuary  | XOM: silly message
  6309 | D:6      | XOM is BORED!
  6309 | D:6      | XOM: silly message
  6315 | D:6      | XOM: silly message
  6424 | D:6      | Noticed Eustachio
  6428 | D:6      | XOM: enchant monster (bad)
  6432 | D:6      | Killed Eustachio
  6433 | D:6      | Reached skill level 8 in Unarmed Combat
  6466 | D:6      | XOM: 3-stop teleportation journey
  6540 | D:6      | Got a warped dagger
  6545 | D:6      | Identified the cursed +1 dagger "Roud" {vorpal, rC++} (You
                  | found it on level 6 of the Dungeon)
  6570 | D:6      | XOM: confuse monster(s)
  6671 | D:6      | XOM: 1-stop teleportation journey
  6980 | D:6      | XOM: 4-stop teleportation journey
  7053 | D:6      | XOM: divination: detect creatures
  7168 | D:6      | XOM: divination: magic mapping
  7272 | D:6      | XOM: noise
  7282 | D:6      | XOM: god gift: cyan potion {god gift}
  7414 | D:7      | Found a runed translucent gate.
  7414 | D:7      | Found a runed translucent gate.
  7416 | D:7      | Found a runed translucent gate.
  7419 | D:7      | Noticed sixsigma's ghost (novice GnCj)
  7456 | D:7      | Noticed Harold
  7481 | D:7      | XOM: silly message
  7508 | D:7      | XOM: silly message
  7614 | D:7      | XOM: cloud trail
  7874 | D:7      | XOM: potion effect (curing)
  7892 | D:7      | XOM: divination: magic mapping
  7898 | D:7      | XOM: potion effect (curing)
  7936 | D:7      | Reached skill level 5 in Evocations
  8349 | D:7      | Found a broken altar of Ashenzari.
  8630 | D:7      | XOM: silly message
  8994 | D:8      | Identified a scroll of acquirement
  8995 | D:8      | Acquired 770 gold pieces
  9128 | D:8      | XOM: cast spell 'Leda's Liquefaction'
  9134 | D:8      | XOM: noise
  9146 | D:8      | Reached skill level 9 in Unarmed Combat
  9309 | D:8      | XOM: god gift: 777 gold pieces
  9385 | D:8      | XOM: god gift: tin of tremorstones (2/2)
  9488 | D:8      | Noticed a two-headed ogre
  9500 | D:8      | Killed a two-headed ogre
  9501 | D:8      | Reached XP level 10. HP: 32/75 MP: 10/10
  9721 | D:8      | Noticed a two-headed ogre
  9736 | D:8      | XOM: confusion
  9743 | D:8      | Killed a two-headed ogre
  9744 | D:8      | Reached skill level 10 in Unarmed Combat
  9744 | D:8      | Reached skill level 5 in Transmutations
  9919 | D:8      | XOM: noise
 10119 | D:8      | XOM: scenery: summon butterflies
 10273 | D:9      | Noticed Grum
 10282 | D:9      | Killed Grum
 10288 | D:9      | XOM: summons friendly ufetubus
 10391 | D:8      | XOM: god gift: forked fluorescent wand {god gift}
 10396 | D:8      | XOM: cloud trail
 10431 | D:8      | XOM: god gift: potion of might
 10666 | D:9      | XOM: stat loss: -1 Str (12/13)
 10703 | D:9      | Noticed Erica
 10792 | D:9      | XOM: enchant monster (bad)
 10797 | D:8      | XOM: chaos cloud
 11042 | D:9      | XOM: summons 6 hostile demons
 11045 | D:9      | Killed Erica
 11168 | D:8      | XOM: silly message
 11213 | D:9      | Noticed a two-headed ogre
 11222 | D:9      | Killed a two-headed ogre
 11223 | D:9      | Reached skill level 11 in Unarmed Combat
 11471 | D:9      | Reached XP level 11. HP: 60/85 MP: 11/11
 11472 | D:9      | XOM: cleaving
 11476 | D:9      | XOM: smoke on damage
 11477 | D:9      | XOM: stat loss: -1 Dex (19/20)
 11482 | D:9      | XOM: confusion (+ monsters)
 11483 | D:9      | Reached skill level 1 in Stealth
 11486 | D:9      | XOM: swap monsters
 11819 | D:9      | XOM: noise
 11859 | D:9      | XOM: butterfly on damage
 11860 | D:9      | XOM: enchant monster (good)
 12178 | D:8      | XOM: enchant monster (bad)
 12216 | D:9      | XOM: blink monster(s)
 12832 | D:10     | Entered Level 10 of the Dungeon
 12886 | D:10     | XOM: cloud trail
 12926 | D:10     | Noticed Erolcha
 13145 | D:10     | Found a hide-covered altar of Uskayaw.
 13153 | D:10     | XOM: summons 9 friendly demons
 13422 | D:10     | Learned a level 3 spell: Tukima's Dance
 13661 | D:10     | Reached skill level 1 in Earth Magic
 13755 | D:10     | XOM: scenery: 1 doors open
 14017 | D:11     | XOM: give mutations
 14017 | D:11     | Gained mutation: Your system is resistant to poisons.
                  | (rPois) [Xom's grace]
 14017 | D:11     | Gained mutation: You are very robust. (+20% HP) [Xom's
                  | grace]
 14089 | D:11     | XOM: cleaving
 14093 | D:11     | XOM: cleaving
 14101 | D:11     | XOM: destruction
 14102 | D:11     | Noticed a white ugly thing
 14103 | D:11     | Noticed a two-headed ogre
 14113 | D:11     | Killed a two-headed ogre
 14113 | D:11     | XOM: summons 4 friendly demons
 14114 | D:11     | XOM: summons 5 friendly demons
 14135 | D:11     | Killed a white ugly thing
 14142 | D:11     | XOM: fake destruction
 14294 | D:11     | XOM: confuse monster(s)
 14357 | D:11     | Noticed a boulder beetle
 14402 | D:11     | Reached skill level 5 in Stealth
 14478 | D:11     | XOM: god gift: runed shortbow {god gift}
 14499 | D:11     | Found a shadowy altar of Dithmenos.
 14637 | D:11     | Noticed a death yak
 14764 | D:11     | Reached skill level 5 in Dodging
 14811 | D:11     | Noticed a boulder beetle
 15105 | D:5      | Killed YannSP's ghost
 15280 | D:11     | Noticed a brown ugly thing
 15293 | D:11     | Killed a brown ugly thing
 15370 | D:11     | XOM: 3-stop teleportation journey
 15392 | D:11     | XOM: confuse monster(s)
 15432 | D:11     | Noticed a red ugly thing
 15435 | D:11     | XOM: fake destruction
 15448 | D:11     | Killed a red ugly thing
 15448 | D:11     | XOM: divine lightning
 15485 | D:11     | Found a staircase to the Lair.
 15485 | D:11     | Noticed a death yak
 15486 | D:11     | a death yak changed into a shapeshifter
 15486 | D:11     | XOM: polymorph death yak -> shapeshifter
 15550 | D:11     | XOM: give mutation
 15550 | D:11     | Gained mutation: You are weak. (Str -2) [Xom's mischief]
 15553 | D:11     | XOM: enchant monster (bad)
 15569 | D:11     | XOM: torment (35/96 hp)
 15579 | D:11     | XOM: repel stairs
 15591 | D:11     | XOM: enchant monster (bad)
 15604 | D:11     | XOM: blink monster(s)
 15614 | D:11     | XOM: noise
 15657 | D:11     | XOM: draining
 15691 | D:11     | XOM: polymorph yak -> wind drake
 15895 | D:11     | Noticed a death yak
 15895 | D:11     | Noticed a death yak
 15895 | D:11     | XOM: confuse monster(s)
 15897 | D:11     | Noticed a death yak
 15914 | D:11     | Noticed an entropy weaver
 15914 | D:11     | a death yak changed into an entropy weaver
 15914 | D:11     | XOM: polymorph death yak -> entropy weaver
 16048 | D:11     | XOM: fog
 16137 | D:10     | XOM: cleaving
 16144 | D:10     | XOM: scenery: create altars
 16163 | D:10     | XOM: cleaving
 16166 | D:10     | XOM: enchant monster (good)
 16187 | D:10     | XOM: scenery: summon butterflies
 16292 | D:11     | XOM: enchant monster (bad)
 16295 | D:11     | XOM: summons friendly iron imp
 16320 | D:11     | Killed a boulder beetle
 16321 | D:11     | Reached XP level 12. HP: 55/101 MP: 12/12
 16466 | D:11     | XOM: give mutation
 16466 | D:11     | Lost mutation: Your system is resistant to poisons. (rPois)
                  | [Xom's mischief]
 16468 | D:11     | Reached skill level 5 in Earth Magic
 16530 | D:11     | XOM: give mutations
 16530 | D:11     | Gained mutation: Your body sometimes deteriorates upon
                  | taking damage. [Xom's mischief]
 16530 | D:11     | Lost mutation: You are strong-willed. (Will+) [Xom's
                  | mischief]
 16530 | D:11     | Lost mutation: You are very robust. (+20% HP) [Xom's
                  | mischief]
 16588 | D:11     | Killed a boulder beetle
 16598 | D:11     | XOM: fog
 16624 | D:11     | XOM: cleaving
 16632 | D:11     | XOM: summons 4 friendly demons
 16653 | D:11     | Killed a death yak
 16682 | D:11     | Killed a death yak
 16710 | D:11     | XOM: god gift: 54 gold pieces
 16934 | D:11     | Found a staircase to the Orcish Mines.
 16984 | Lair:1   | Entered Level 1 of the Lair of Beasts
 17019 | Lair:1   | Found an ornate altar of the Wu Jian Council.
 17020 | Lair:1   | Noticed a boulder beetle
 17033 | Lair:1   | XOM: give mutation
 17033 | Lair:1   | Gained mutation: You are dopey. (Int -2) [Xom's mischief]
 17082 | Lair:1   | Noticed a five-headed hydra
 17525 | Lair:1   | XOM: confuse monster(s)
 17656 | Lair:1   | XOM: give mutations
 17656 | Lair:1   | Gained mutation: You are agile. (Dex +2) [Xom's grace]
 17656 | Lair:1   | Gained mutation: Your system is resistant to poisons.
                  | (rPois) [Xom's grace]
 17656 | Lair:1   | Gained mutation: You are partially covered in large bone
                  | plates. (SH +4) [Xom's grace]
 17656 | Lair:1   | Gained mutation: You are partially covered in iridescent
                  | scales. (AC +2) [Xom's grace]
 17780 | Lair:1   | XOM: fake destruction
 17784 | Lair:1   | Killed a five-headed hydra
 17831 | Lair:1   | XOM: polymorph yak -> bullfrog
 17842 | Lair:1   | XOM: scenery: summon butterflies
 17873 | Lair:1   | XOM: swap monsters
 17997 | Lair:1   | XOM: 1-stop teleportation journey
 17998 | Lair:1   | Noticed a four-headed hydra
 18347 | Lair:1   | XOM: god gift: agate-encrusted leather armour {god gift}
 18348 | Lair:1   | Got an agate-encrusted leather armour {god gift}
 18475 | Lair:1   | XOM: god gift: amulet of inaccuracy {god gift}
 18808 | Lair:1   | XOM: enchant monster (bad)
 19264 | Lair:1   | XOM: silly message
 19401 | Lair:1   | Noticed Maggie
 19446 | Lair:1   | XOM: scenery: summon butterflies
 19671 | Orc:1    | XOM: noise
 19671 | Orc:1    | Entered Level 1 of the Orcish Mines
 19686 | D:11     | XOM: draining
 19769 | Lair:2   | XOM: noise
 19771 | Lair:2   | XOM: polymorph yak -> something unseen
 19782 | Lair:2   | XOM: smoke on damage
 19793 | Lair:2   | HP: 3/84 [something (11)]
 19794 | Lair:2   | HP: 1/84 [something (2)]
 20166 | Lair:2   | Reached skill level 10 in Transmutations
 20228 | Lair:2   | Noticed a six-headed hydra
 20292 | Lair:2   | XOM: swap monsters
 20303 | Lair:2   | Killed a four-headed hydra
 20372 | Lair:3   | Noticed Prince Ribbit
 20381 | Lair:3   | XOM: draining
 20552 | Lair:3   | XOM: swap monsters
 20563 | Lair:3   | Killed Prince Ribbit
 20606 | Lair:3   | XOM: give mutations
 20606 | Lair:3   | Lost mutation: Your system is resistant to poisons. (rPois)
                  | [Xom's mischief]
 20606 | Lair:3   | Lost mutation: You are robust. (+10% HP) [Xom's mischief]
 20606 | Lair:3   | Gained mutation: You are very weak. (Str -4) [Xom's
                  | mischief]
 20606 | Lair:3   | Gained mutation: You are very dopey. (Int -4) [Xom's
                  | mischief]
 20627 | Lair:3   | XOM is BORED!
 20750 | Lair:3   | XOM: 1-stop teleportation journey
 20751 | Lair:3   | Found a frozen archway.
 20758 | IceCv    | Entered an ice cave
 20762 | IceCv    | Found a transporter.
 20763 | IceCv    | XOM: 1-stop teleportation journey
 20765 | IceCv    | Found a transporter.
 20799 | IceCv    | XOM: summons 2 hostile shadow creatures
 20802 | IceCv    | Slain by a yak simulacrum

Illustrated notes

Levels and vault maps discovered:
D:1:      amcnicky_arrival_feature_with_door, layout_loops_ring,
          hangedman_glass_teeth
D:2:      layout_rooms
D:3:      layout_loops_ring, chequers_jeans, roderic_roman_lattice,
          uniq_sigmund, uniq_terence
D:4:      cheibrodos_thug_alley, layout_rooms, minmay_temple_entry_hall, tgw_xom
D:5:      layout_basic, ebering_ghost_sewer_f
D:6:      layout_basic, nicolae_ossuary_entry_giza, uniq_eustachio
D:7:      layout_gridville, marbit_many_paths, gammafunk_ghost_necromancy,
          uniq_harold
D:8:      layout_loops_ring
D:9:      layout_rooms, uniq_erica, uniq_grum
D:10:     layout_irregular_city, basic_altar, uniq_erolcha
D:11:     layout_long_grid, dpeg_lair_monsters, erik_orc_2,
          nicolae_dithmenos_the_darkroom
D:12:     minmay_razor_zed, layout_cave_pools, enter_bailey_2, uniq_urug
Temple:   grunt_wide_crystal_templ
Lair:1:   layout_small_grid, nzn_masters_of_martial_movement, uniq_maggie
Lair:2:   layout_small_grid, minmay_shattered_shrine
Lair:3:   layout_cave_pods, skrybe_swamp_entry_bodies,
          portal_ice_cave_entry_pillars_2, grunt_megastairs_5,
          uniq_prince_ribbit2
Orc:1:    layout_caves
IceCv:    ice_cave_statue_garden_transporter

Skill      XL: |  1  2  3  4  5  6  7  8  9 10 11 12 |
---------------+-------------------------------------+-----
Unarmed Combat | 4 5 6 7 9 11 | 11.5
Fighting       | 3 4 5 6 8 9 |  9.3
Throwing       | 3 4 5 |  5.0
Evocations     | 1 3 4 5 |  5.0
Transmutations | 2 4 6 8 10 | 10.2
Stealth        | 5 |  5.0
Dodging        | 6 8 |  8.0
Earth Magic    | 4 6 |  6.0

Action                   |  1- 3 |  4- 6 |  7- 9 | 10-12 || total
-------------------------+-------+-------+-------+-------++-------
Melee: Unarmed           |    55 |    43 |   390 |   541 ||  1029
       Constrict         |    16 |     9 |    85 |    92 ||   202
       Tentacles         |     6 |    10 |   114 |   131 ||   261
       Punch             |       |     2 |    38 |    56 ||    96
Throw: Javelin           |     1 |     6 |    13 |    40 ||    60
       Dart              |       |       |       |   122 ||   122
       Throwing net      |       |       |       |     6 ||     6
 Cast: Petrify           |       |       |       |     3 ||     3
Evoke: Wand              |       |     3 |     3 |    25 ||    31
       Phial of floods   |       |       |       |     2 ||     2
  Use: Potion            |     2 |       |     1 |    11 ||    14
       Scroll            |       |       |    17 |    10 ||    27
 Stab: Sleeping          |     5 |     2 |     9 |    11 ||    27
       Distracted        |       |       |     1 |       ||     1
       Paralysed         |       |       |       |    21 ||    21
       Confused          |       |       |       |     4 ||     4
       Invisible         |       |       |       |     1 ||     1
       Held in net/web   |       |       |       |     1 ||     1
Armor: Skin              |     3 |       |     9 |    17 ||    29
Dodge: Dodged            |    27 |    21 |   170 |   339 ||   557
Block: Other             |    10 |     6 |    60 |   134 ||   210
       Reflection        |     1 |       |       |     2 ||     3
